TOP OF THE 1ST |
New Orleans Zephyrs batting - Pitching for Lehigh Valley IronPigs : RHP Victor Hurtado
|
Pitching: RHP Victor Hurtado
|
|
Batting: LHB David Doge
|
0-0: Swinging Strike 0-1: Ball 1-1: Swinging Strike 1-2: Ball 2-2: Foul Ball, location: 2F 2-2: Ball 3-2: Base on Balls
|
Batting: RHB Orlando Landa
|
Pickoff Throw to First - Out! 1-3 0-0: Called Strike 0-1: Called Strike 0-2: Strikes out looking
|
Batting: RHB Manuel Taveras
|
0-0: Ball 1-0: Ball 2-0: Called Strike 2-1: Swinging Strike 2-2: Strikes out looking
|
Top of the 1st over - 0 runs, 0 hits, 0 errors, 0 left on base; New Orleans 0 - Lehigh Valley 0 |
BOTTOM OF THE 1ST |
Lehigh Valley IronPigs batting - Pitching for New Orleans Zephyrs : RHP Mike Powell
|
Pitching: RHP Mike Powell
|
|
Batting: LHB Theodore Conboy
|
0-0: Called Strike 0-1: Called Strike 0-2: Foul Ball, location: 2F 0-2: Ball 1-2: Ball 2-2: Strikes out swinging
|
Batting: RHB Mark Schultz
|
0-0: Foul Ball, location: 2F 0-1: Called Strike 0-2: Fly out, F9 (Flyball, 89M, EV 91.9 MPH)
|
Batting: RHB Carlos Morejon
|
0-0: Ball 1-0: Called Strike 1-1: Fly out, F3 (Popup, 3L, EV 69.4 MPH)
|
Bottom of the 1st over - 0 runs, 0 hits, 0 errors, 0 left on base; New Orleans 0 - Lehigh Valley 0 |
TOP OF THE 2ND |
New Orleans Zephyrs batting - Pitching for Lehigh Valley IronPigs : RHP Victor Hurtado
|
Batting: RHB Adam McGurn
|
0-0: Foul Ball, location: 2F 0-1: Foul Ball, location: 2F 0-2: Ball 1-2: Ball 2-2: Foul Ball, location: 2F 2-2: Foul Ball, location: 2F 2-2: Ground out 5-3 (Groundball, 5, EV 94.4 MPH)
|
Batting: LHB Eric Bailey
|
0-0: Called Strike 0-1: Foul Ball, location: 2F 0-2: Strikes out swinging
|
Batting: RHB Isaiah Brockman
|
0-0: SINGLE (Groundball, 34D, EV 101.2 MPH)
|
Batting: RHB Torquato Obawole
|
0-0: Foul Ball, location: 2F 0-1: Fielders Choice at 2nd, 6-4 (Groundball, 6, EV 103.1 MPH)
|
Top of the 2nd over - 0 runs, 1 hit, 0 errors, 1 left on base; New Orleans 0 - Lehigh Valley 0 |
BOTTOM OF THE 2ND |
Lehigh Valley IronPigs batting - Pitching for New Orleans Zephyrs : RHP Mike Powell
|
Batting: LHB Josh George
|
0-0: Called Strike 0-1: Ball 1-1: Foul Ball, location: 2F 1-2: Foul Ball, location: 2F 1-2: Strikes out swinging
|
Batting: RHB Victor Arroyo
|
0-0: Swinging Strike 0-1: Foul Ball, location: 2F 0-2: Ball 1-2: Ground out 4-3 (Groundball, 4, EV 86.2 MPH)
|
Batting: RHB Moritake Fukumoto
|
0-0: Swinging Strike 0-1: Ball 1-1: Ball 2-1: Ball 3-1: Ground out 4-3 (Groundball, 4, EV 100.6 MPH)
|
Bottom of the 2nd over - 0 runs, 0 hits, 0 errors, 0 left on base; New Orleans 0 - Lehigh Valley 0 |
TOP OF THE 3RD |
New Orleans Zephyrs batting - Pitching for Lehigh Valley IronPigs : RHP Victor Hurtado
|
Batting: RHB Masumitsu Sugiura
|
0-0: Ground out 6-3 (Groundball, 6D, EV 84.4 MPH)
|
Batting: RHB John Jackson
|
0-0: Called Strike 0-1: Ball 1-1: Foul Ball, location: 2F 1-2: Ball 2-2: Ball 3-2: Strikes out swinging
|
Batting: LHB David Doge
|
0-0: Ball 1-0: Foul Ball, location: 2F 1-1: Ball 2-1: DOUBLE (Line Drive, 89D, EV 108.1 MPH)
|
Batting: RHB Orlando Landa
|
0-0: Foul Ball, location: 2F 0-1: Called Strike 0-2: Ball 1-2: Ball 2-2: Foul Ball, location: 2F 2-2: Strikes out swinging
|
Top of the 3rd over - 0 runs, 1 hit, 0 errors, 1 left on base; New Orleans 0 - Lehigh Valley 0 |
BOTTOM OF THE 3RD |
Lehigh Valley IronPigs batting - Pitching for New Orleans Zephyrs : RHP Mike Powell
|
Batting: SHB Benjamin Brown
|
0-0: Ball 1-0: Ball 2-0: Ground out 4-3 (Groundball, 4M, EV 104.4 MPH)
|
Batting: RHB Kyle Reilly
|
0-0: Foul Ball, location: 2F 0-1: Ball 1-1: Foul Ball, location: 2F 1-2: Ground out 5-3 (Groundball, 56, EV 88.1 MPH)
|
Batting: SHB Bob Dixon
|
0-0: Ball 1-0: Swinging Strike 1-1: Ball 2-1: Ground out U3 (Groundball, 34, EV 86.9 MPH)
|
Bottom of the 3rd over - 0 runs, 0 hits, 0 errors, 0 left on base; New Orleans 0 - Lehigh Valley 0 |
TOP OF THE 4TH |
New Orleans Zephyrs batting - Pitching for Lehigh Valley IronPigs : RHP Victor Hurtado
|
Batting: RHB Manuel Taveras
|
0-0: Ball 1-0: Ball 2-0: DOUBLE (Line Drive, 7LD, EV 103.1 MPH)
|
Batting: RHB Adam McGurn
|
0-0: Ball 1-0: Called Strike 1-1: Swinging Strike 1-2: Ball 2-2: Strikes out looking
|
Batting: LHB Eric Bailey
|
0-0: Fly out, F9 (Flyball, 9D, EV 99.4 MPH) Runner from 2nd tags up, SAFE at 3rd, no throw by RF
|
Batting: RHB Isaiah Brockman
|
0-0: Hit by Pitch
|
Batting: RHB Torquato Obawole
|
0-0: Swinging Strike 0-1: Foul Ball, location: 2F 0-2: Foul Ball, location: 2F 0-2: Ball 1-2: Strikes out swinging
|
Top of the 4th over - 0 runs, 1 hit, 0 errors, 2 left on base; New Orleans 0 - Lehigh Valley 0 |
BOTTOM OF THE 4TH |
Lehigh Valley IronPigs batting - Pitching for New Orleans Zephyrs : RHP Mike Powell
|
Batting: LHB Theodore Conboy
|
0-0: Called Strike 0-1: Ball 1-1: Foul Ball, location: 2F 1-2: Ground out 1-3 (Groundball, 13S, EV 65.0 MPH)
|
Batting: RHB Mark Schultz
|
0-0: Swinging Strike 0-1: Called Strike 0-2: Ball 1-2: Strikes out swinging
|
Batting: RHB Carlos Morejon
|
0-0: Ball 1-0: Ball 2-0: Ground out 6-3 (Groundball, 6S, EV 77.5 MPH)
|
Bottom of the 4th over - 0 runs, 0 hits, 0 errors, 0 left on base; New Orleans 0 - Lehigh Valley 0 |
TOP OF THE 5TH |
New Orleans Zephyrs batting - Pitching for Lehigh Valley IronPigs : RHP Victor Hurtado
|
Batting: RHB Masumitsu Sugiura
|
0-0: Ball 1-0: Called Strike 1-1: Called Strike 1-2: Ball 2-2: Ball 3-2: Base on Balls
|
Batting: RHB John Jackson
|
0-0: Ball 1-0: Called Strike 1-1: Ball Wild Pitch! Masumitsu Sugiura to second 2-1: Foul Ball, location: 2F 2-2: Foul Ball, location: 2F 2-2: Strikes out swinging
|
Batting: LHB David Doge
|
0-0: Ball 1-0: Ball 2-0: Ball 3-0: Base on Balls
|
Batting: RHB Orlando Landa
|
0-0: SINGLE (Flyball, 8LS, EV 93.8 MPH) Masumitsu Sugiura to third David Doge to second
|
Batting: RHB Manuel Taveras
|
0-0: Swinging Strike 0-1: Swinging Strike 0-2: Ball 1-2: Ball 2-2: Ball 3-2: Base on Balls Masumitsu Sugiura scores David Doge to third Orlando Landa to second
|
Batting: RHB Adam McGurn
|
0-0: Ball 1-0: Ball 2-0: Ball 3-0: Base on Balls David Doge scores Orlando Landa to third Manuel Taveras to second
|
Batting: LHB Eric Bailey
|
0-0: Called Strike 0-1: Ball 1-1: Ball 2-1: Ball 3-1: SINGLE (Groundball, 34S, EV 98.8 MPH) Orlando Landa scores Manuel Taveras to third Adam McGurn to second Runner from 3rd tries for Home, SAFE, throw by RF to home
|
Batting: RHB Isaiah Brockman
|
0-0: Ball 1-0: Ball 2-0: Called Strike 2-1: Fly out, F8 (Flyball, 8LM, EV 95.0 MPH)
|
Batting: RHB Torquato Obawole
|
0-0: Swinging Strike 0-1: SINGLE (Groundball, 25, EV 69.4 MPH) (infield hit) Adam McGurn to third Eric Bailey to second
|
Pitching: RHP Manny Cordova
|
|
Batting: RHB Masumitsu Sugiura
|
0-0: Fly out, F7 (Flyball, 78S, EV 78.1 MPH)
|
Top of the 5th over - 4 runs, 3 hits, 0 errors, 3 left on base; New Orleans 4 - Lehigh Valley 0 |
BOTTOM OF THE 5TH |
Lehigh Valley IronPigs batting - Pitching for New Orleans Zephyrs : RHP Mike Powell
|
Batting: LHB Josh George
|
0-0: Called Strike 0-1: Foul Ball, location: 2F 0-2: Strikes out swinging
|
Batting: RHB Victor Arroyo
|
0-0: Ball 1-0: Ball 2-0: Ground out 4-3 (Groundball, 4, EV 88.8 MPH)
|
Batting: RHB Moritake Fukumoto
|
0-0: Fly out, F7 (Flyball, 7, EV 85.0 MPH)
|
Bottom of the 5th over - 0 runs, 0 hits, 0 errors, 0 left on base; New Orleans 4 - Lehigh Valley 0 |
TOP OF THE 6TH |
New Orleans Zephyrs batting - Pitching for Lehigh Valley IronPigs : RHP Manny Cordova
|
Batting: RHB John Jackson
|
0-0: Ball 1-0: Ball 2-0: Ground out 4-3 (Groundball, 4, EV 88.1 MPH)
|
Batting: LHB David Doge
|
0-0: Ball 1-0: Ball 2-0: Ball 3-0: Foul Ball, location: 2F 3-1: Base on Balls
|
Batting: RHB Orlando Landa
|
0-0: SINGLE (Groundball, 56S, EV 66.9 MPH) (infield hit) David Doge to second
|
Batting: RHB Manuel Taveras
|
0-0: Ball 1-0: Ball 2-0: Ball 3-0: Base on Balls David Doge to third Orlando Landa to second
|
Batting: RHB Adam McGurn
|
0-0: Ball 1-0: Ball 2-0: Ball 3-0: Base on Balls David Doge scores Orlando Landa to third Manuel Taveras to second
|
Batting: LHB Eric Bailey
|
0-0: Ball 1-0: Ball 2-0: Ball 3-0: Called Strike 3-1: Base on Balls Orlando Landa scores Manuel Taveras to third Adam McGurn to second
|
Batting: RHB Isaiah Brockman
|
0-0: Ball 1-0: Foul Ball, location: 2F 1-1: Fly out, F5 (Line Drive, 56, EV 65.0 MPH)
|
Batting: RHB Torquato Obawole
|
0-0: Ball 1-0: Called Strike 1-1: Ball 2-1: Ball 3-1: Foul Ball, location: 2F 3-2: Strikes out looking
|
Top of the 6th over - 2 runs, 1 hit, 0 errors, 3 left on base; New Orleans 6 - Lehigh Valley 0 |
BOTTOM OF THE 6TH |
Lehigh Valley IronPigs batting - Pitching for New Orleans Zephyrs : RHP Mike Powell
|
Batting: SHB Benjamin Brown
|
0-0: Ball 1-0: Ground out 4-3 (Groundball, 4, EV 96.9 MPH)
|
Batting: RHB Kyle Reilly
|
0-0: Ball 1-0: Foul Ball, location: 2F 1-1: Ball 2-1: Ball 3-1: Base on Balls
|
Batting: SHB Bob Dixon
|
0-0: Swinging Strike 0-1: Swinging Strike 0-2: Ball 1-2: Strikes out swinging
|
Batting: LHB Theodore Conboy
|
0-0: Swinging Strike 0-1: Ball 1-1: Ball 2-1: SINGLE (Line Drive, 8LS, EV 92.5 MPH) Kyle Reilly to second Runner from 2nd tries for 3rd, SAFE, throw by CF made to third
|
Batting: RHB Mark Schultz
|
0-0: Called Strike 0-1: Ground out 4-3 (Groundball, 4, EV 86.2 MPH)
|
Bottom of the 6th over - 0 runs, 1 hit, 0 errors, 2 left on base; New Orleans 6 - Lehigh Valley 0 |
TOP OF THE 7TH |
New Orleans Zephyrs batting - Pitching for Lehigh Valley IronPigs : RHP Manny Cordova
|
Batting: RHB Masumitsu Sugiura
|
0-0: Ball 1-0: Called Strike 1-1: Foul Ball, location: 2F 1-2: Ball 2-2: Ball 3-2: Foul Ball, location: 2F 3-2: Strikes out swinging
|
Batting: RHB John Jackson
|
0-0: Fly out, F8 (Flyball, 8RD, EV 85.0 MPH)
|
Batting: LHB David Doge
|
0-0: Foul Ball, location: 2F 0-1: Ground out 5-3 (Groundball, 56, EV 89.4 MPH)
|
Top of the 7th over - 0 runs, 0 hits, 0 errors, 0 left on base; New Orleans 6 - Lehigh Valley 0 |
BOTTOM OF THE 7TH |
Lehigh Valley IronPigs batting - Pitching for New Orleans Zephyrs : RHP Mike Powell
|
Batting: RHB Carlos Morejon
|
0-0: Foul Ball, location: 2F 0-1: Swinging Strike 0-2: Ball 1-2: Ball 2-2: Foul Ball, location: 2F 2-2: Strikes out looking
|
Batting: LHB Josh George
|
0-0: Ball 1-0: Ball 2-0: Ball 3-0: Called Strike 3-1: Foul Ball, location: 2F 3-2: Foul Ball, location: 2F 3-2: Base on Balls
|
Batting: RHB Victor Arroyo
|
0-0: DOUBLE (Line Drive, 7LM, EV 108.1 MPH) Josh George to third
|
Batting: RHB Moritake Fukumoto
|
0-0: Ball 1-0: Ball 2-0: Foul Ball, location: 2F 2-1: Ground out 6-3 (Groundball, 6, EV 81.9 MPH) Josh George scores
|
Batting: SHB Benjamin Brown
|
0-0: Swinging Strike 0-1: Ground out 6-3 (Groundball, 6, EV 99.4 MPH)
|
Bottom of the 7th over - 1 run, 1 hit, 0 errors, 1 left on base; New Orleans 6 - Lehigh Valley 1 |
TOP OF THE 8TH |
New Orleans Zephyrs batting - Pitching for Lehigh Valley IronPigs : RHP Manny Cordova
|
Batting: RHB Orlando Landa
|
0-0: SINGLE (Groundball, 6MD, EV 96.9 MPH)
|
Pitching: RHP Yuichi Nozawa
|
|
Batting: RHB Manuel Taveras
|
0-0: Ball 1-0: Ball 2-0: Ball 3-0: Foul Ball, location: 2F 3-1: Called Strike 3-2: Foul Ball, location: 2F 3-2: Base on Balls Orlando Landa to second
|
Batting: RHB Adam McGurn
|
0-0: Foul Ball, location: 2F 0-1: Called Strike 0-2: Strikes out swinging
|
Batting: LHB Eric Bailey
|
0-0: Ball 1-0: Called Strike 1-1: Fielders Choice at 2nd, 4-6 (Groundball, 4M, EV 102.5 MPH) Orlando Landa to third
|
Batting: RHB Isaiah Brockman
|
0-0: Called Strike 0-1: Foul Ball, location: 2F 0-2: Foul Ball, location: 2F 0-2: Ball 1-2: Ball 2-2: Fly out, F9 (Flyball, 9D, EV 106.2 MPH)
|
Top of the 8th over - 0 runs, 1 hit, 0 errors, 2 left on base; New Orleans 6 - Lehigh Valley 1 |
BOTTOM OF THE 8TH |
Lehigh Valley IronPigs batting - Pitching for New Orleans Zephyrs : RHP Mike Powell
|
Batting: RHB Kyle Reilly
|
0-0: Foul Ball, location: 2F 0-1: Called Strike 0-2: Foul Ball, location: 2F 0-2: Foul Ball, location: 2F 0-2: Strikes out swinging
|
Pitching: RHP Stefan Snel
|
|
Batting: SHB Bob Dixon
|
0-0: Called Strike 0-1: Ball 1-1: SINGLE (Groundball, 4D, EV 100.0 MPH)
|
Batting: LHB Theodore Conboy
|
0-0: Ball 1-0: Called Strike 1-1: Foul Ball, location: 2F 1-2: Ball 2-2: Foul Ball, location: 2F 2-2: Ball 3-2: Foul Ball, location: 2F 3-2: Fielders Choice at 2nd, 3-6 (Groundball, 3, EV 77.5 MPH)
|
Batting: RHB Mark Schultz
|
0-0: DOUBLE (Flyball, 8LXD, EV 93.1 MPH) Theodore Conboy to third Runner from 3rd tries for Home, SAFE, no throw by CF
|
Batting: RHB Carlos Morejon
|
0-0: Foul Ball, location: 2F 0-1: Ball 1-1: Fly out, F9 (Flyball, 9S, EV 93.8 MPH)
|
Bottom of the 8th over - 1 run, 2 hits, 0 errors, 1 left on base; New Orleans 6 - Lehigh Valley 2 |
TOP OF THE 9TH |
New Orleans Zephyrs batting - Pitching for Lehigh Valley IronPigs : RHP Yuichi Nozawa
|
Pitching: RHP Dustin Greaves
|
|
Batting: RHB Torquato Obawole
|
0-0: Foul Ball, location: 2F 0-1: Swinging Strike 0-2: Ball 1-2: Strikes out swinging
|
Batting: RHB Masumitsu Sugiura
|
0-0: Fly out, F6 (Popup, 4S, EV 76.2 MPH)
|
Batting: RHB John Jackson
|
0-0: Called Strike 0-1: Ball 1-1: Fly out, F9 (Flyball, 9, EV 96.9 MPH)
|
Top of the 9th over - 0 runs, 0 hits, 0 errors, 0 left on base; New Orleans 6 - Lehigh Valley 2 |
BOTTOM OF THE 9TH |
Lehigh Valley IronPigs batting - Pitching for New Orleans Zephyrs : RHP Stefan Snel
|
Pitching: RHP J.P. Wilson
|
|
Batting: LHB Josh George
|
0-0: Swinging Strike 0-1: Swinging Strike 0-2: Foul Ball, location: 2F 0-2: Strikes out swinging
|
Batting: RHB Victor Arroyo
|
0-0: Ball 1-0: Ball 2-0: Foul Ball, location: 2F 2-1: Foul Ball, location: 2F 2-2: Ball 3-2: Foul Ball, location: 2F 3-2: DOUBLE (Line Drive, 7LD, EV 105.0 MPH)
|
Batting: RHB Moritake Fukumoto
|
0-0: Ball 1-0: Foul Ball, location: 2F 1-1: Called Strike 1-2: Foul Ball, location: 2F 1-2: Strikes out swinging
|
Batting: SHB Benjamin Brown
|
0-0: Called Strike 0-1: Ball 1-1: Ball 2-1: Foul Ball, location: 2F 2-2: Fly out, F7 (Flyball, 78S, EV 88.8 MPH)
|
Bottom of the 9th over - 0 runs, 1 hit, 0 errors, 1 left on base; New Orleans 6 - Lehigh Valley 2 |
|